 Dungeon Crawl Stone Soup version 0.30-b1-2-g02819fbbbe (webtiles) character file.

Game seed: 1033719057091954818

3 redmage the Digger (level 1, -2/14 HPs)
             Began as a Meteoran Earth Elementalist on Aug 1, 2023.
             Slain by a goblin
             ... wielding a +2 dagger of venom
              (4 damage)
             ... on level 2 of the Dungeon.
             The game lasted 00:01:12 (83 turns).

redmage the Digger (Meteoran Earth Elementalist)      Turns: 83, Time: 00:01:12

Health: -2/14      AC:  2    Str:  9    XL:     1   Next: 71%
Magic:  4/5        EV: 12    Int: 16    God:
Gold:   0          SH:  0    Dex: 14    Spells: 4/5 levels left

rFire   . . .        (no weapon)
rCold   . . .        (no shield)
rNeg    . . .        a - +0 robe
rPois   .            (no helmet)
rElec   .            (no cloak)
rCorr   .            (no gloves)
SInv    .            (no boots)
Will    .....        (no amulet)
Stlth   +            (no ring)
HPRegen 0.22/turn    (no ring)
MPRegen 0.09/turn

%: no passive effects
@: lethally poisoned (-2 -> -9), glowing
A: sense surroundings 1, otherworldly, glowing, explore regen
a: no special abilities


You were on level 2 of the Dungeon.
You visited 1 branch of the dungeon, and saw 3 of its levels.

Inventory:

Armour
 a - a +0 robe (worn)
Scrolls
 c - 2 scrolls of identify {unknown}
 d - a scroll of immolation {unknown}
Potions
 b - a potion of magic


   Skills:
 - Level 2.4 Dodging
 - Level 1.4 Stealth
 + Level 2.7 Spellcasting
 * Level 1.5 Transmutations
 * Level 3.7 Earth Magic


You had 4 spell levels left.
You knew the following spells:

 Your Spells              Type           Power      Damage    Failure   Level
a - Sandblast             Erth           28%        2d8       4%          1

Your spell library contained the following spells:

 Spells                   Type           Power      Damage    Failure   Level
 Passwall                 Tmut/Erth      8%         N/A       10%         2
 Stone Arrow              Conj/Erth      16%        3d8       26%         3
 Petrify                  Tmut/Erth      10%        N/A       54%         4


Dungeon Overview and Level Annotations

Branches:
Dungeon (3/15) Zot: 1714

Altars:

Shops:
D:2 *

Annotations:
D:2 Terence


Innate Abilities, Weirdness & Mutations

You passively map a small area around you.
You are easily found by Zot.
You glow in the dark.
You regain HP and MP as you explore.


Message History

Here: a goblin, wielding a +2 dagger of venom The floor.
Unknown command.
The hobgoblin attacks as you move away! The hobgoblin hits you.
Terence says, "Did you write a will?
You should..."
The hobgoblin hits you but does no damage.
Casting: Sandblast (safe; 4% risk of failure)
Confirm with . or Enter, or press ? or * to list all spells.
Aiming: Sandblast (safe; 4% risk of failure)
Press: ? - help, Shift-Dir - straight line, f/p - hobgoblin
Aim: a hobgoblin (severely wounded, 82% to hit)
The blast of sand hits the hobgoblin.
You kill the hobgoblin!
Unknown command.
A ball python comes into view.
The ball python hisses angrily.
Casting: Sandblast (safe; 4% risk of failure)
Confirm with . or Enter, or press ? or * to list all spells.
Aiming: Sandblast (safe; 4% risk of failure)
Press: ? - help, Shift-Dir - straight line, f - ball python
Aim: a ball python (80% to hit)
The blast of sand hits the ball python!
You kill the ball python!
Unknown command.
The goblin attacks as you move away!
The goblin hits you with a +2 dagger of venom.
You are poisoned.
You feel sick.
You feel sick.
You feel sick.
Terence shouts, "Get ready for death!"
The goblin attacks as you move away! The goblin hits you but does no damage.
You are lethally poisoned!
You feel very sick. The goblin attacks as you move away!
The goblin barely misses you.
* * * LOW HITPOINT WARNING * * *
You feel very sick. The goblin attacks as you move away!
The goblin hits you with a +2 dagger of venom.
You die...

.............#.#
.............#.#* *
.###............ , * ** .
#................ .### ,, .
#....#........... ...# , ,
. #....#.........., ...##..
. #....#....###.####.......
. #....#...................
, #....#........@..........
#.............g..........
,#....#........#..#†.....#
,#.........#.###@........#
#.........#.####........# *
,*#.........#....#...####..
###.#...######.#.#...#* ,
#.#####......#.###.##,, #.,
,........#......#. ,


You could see Terence and a goblin.

Vanquished Creatures
  2 hobgoblins (D:2)
  A ball python (D:2)
3 creatures vanquished.

Notes
Turn   | Place    | Note
-------+----------+-------------------------------------------
     0 | D:1      | redmage the Meteoran Earth Elementalist began the quest for
                  | the Orb.
     0 | D:1      | Reached XP level 1. HP: 14/14 MP: 5/5
    58 | D:2      | Found Aghan's Assorted Antiques.
    66 | D:2      | Noticed Terence
    83 | D:2      | Slain by a goblin

Illustrated notes

Levels and vault maps discovered:
D:1:      shiori_arrival_elements, layout_loops_ring, basic_ecumenical_altar
D:2:      layout_basic, serial_shops, shop, minmay_lizard_pond, uniq_terence
D:3:      layout_basic, nicolae_overflow_hidden_temple,
          kennysheep_generic_room_12

Action                     || total
---------------------------++-------
   Cast: Sandblast         ||     5
 Armour: Robe              ||     2
  Dodge: Dodged            ||     2
